AoeStats
← thelight00001

Arena

510828259Analyzed
4v4 RM · 21h ago on Oct 2, 2026· 65m 14s· 8 players
Game mode
Random Map
Map size
Large (8 player)
Population
200
Speed
Normal
Resources
Standard
Victory
Conquest
Starting age
Dark Age
Ending age
Imperial Age
RankedLock teamsTeams togetherTeam positionsShared explorationLock speedFull tech treeHidden civsTurbo modeCheats
Victory
Defeat
🇩🇪 Bohemians · Germany
998
+17
🇩🇪 Danes · Germany
995
+18
🇬🇧 Byzantines · United Kingdom
953
+19
🇷🇴 Aztecs · Romania
913
+22
🇲🇽 Teutons · Mexico
1033
-19
🇫🇷 Vikings · France
1030
-19
🇫🇷 Bohemians · France
1026
-19
🇺🇸 Poles · United States
1021
-19
thelight00001
11:29 Feudal Age
11:42 Loom
15:21 Castle Age
13:24 Double-Bit Axe
13:21 Horse Collar
22:28 Bow Saw
24:01 Heavy Plow
24:41 Wheelbarrow
23:51 Town Watch
xXRedHoodXx
11:40 Feudal Age
15:23 Castle Age
13:35 Double-Bit Axe
22:50 Wheelbarrow
22:01 Loom
22:01 Town Watch
22:30 Bow Saw
23:26 Bloodlines
26:17 Gold Mining
26:18 Stone Mining
29:27 Imperial Age
31:09 Stone Shaft Mining
30:26 Cavalier
31:31 Scale Barding Armor
31:37 Forging
32:32 Chain Barding Armor
32:52 Iron Casting
33:42 Crenellations
33:45 Conscription
33:21 Fletching
34:09 Plate Barding Armor
35:30 Blast Furnace
34:27 Bodkin Arrow
36:07 Horse Collar
36:17 Paladin
38:56 Padded Archer Armor
44:13 Ballistics
stephledieu
2:16 Loom
10:28 Feudal Age
11:03 Double-Bit Axe
11:51 Horse Collar
17:17 Castle Age
16:58 Gold Mining
17:00 Stone Mining
18:25 Bow Saw
20:30 Heavy Plow
23:01 Gold Shaft Mining
29:58 Imperial Age
28:13 Squires
28:17 Scale Mail Armor
29:19 Fortified Wall
29:40 Devotion
30:09 Arson
30:57 Masonry
32:01 Chain Mail Armor
32:09 Conscription
35:16 Plate Mail Armor
35:36 Crop Rotation
36:39 Elite Berserk
37:35 Murder Holes
40:11 Forging
41:59 Chemistry
44:06 Two-Man Saw
44:43 Iron Casting
44:11 Onager
46:02 Pikeman
48:06 Ballistics
48:18 Architecture
49:23 Blast Furnace
49:07 Fletching
52:44 Bodkin Arrow
55:23 Light Cavalry
Bloups3000
11:29 Feudal Age
12:38 Double-Bit Axe
16:04 Castle Age
14:32 Horse Collar
14:48 Loom
16:08 Wheelbarrow
17:34 Bow Saw
17:46 Heavy Plow
21:45 Fletching
22:36 Hand Cart
24:50 Bodkin Arrow
26:38 Chemistry
30:53 Imperial Age
28:48 Ballistics
28:39 Fortified Wall
31:13 Houfnice
32:53 Conscription
32:46 Hussite Reforms
33:09 Bracer
34:09 Padded Archer Armor
35:01 Caravan
35:21 Town Watch
35:54 Leather Archer Armor
38:51 Ring Archer Armor
38:44 Block Printing
38:25 Herbal Medicine
44:49 Squires
44:36 Arson
44:49 Murder Holes
45:04 Masonry
45:53 Theocracy
45:29 Redemption
45:30 Fervor
45:41 Sanctity
45:47 Illumination
53:38 Guilds
Maudi
0:28 Loom
11:08 Feudal Age
17:02 Castle Age
15:01 Double-Bit Axe
17:02 Horse Collar
19:53 Wheelbarrow
20:20 Fervor
20:33 Town Watch
22:53 Heavy Plow
23:37 Bow Saw
29:42 Imperial Age
28:44 Chemistry
27:43 Murder Holes
27:57 Padded Archer Armor
28:40 Squires
28:38 Fletching
28:37 Pikeman
30:57 Bodkin Arrow
30:49 Arson
31:50 Bracer
31:52 Scale Mail Armor
32:04 Forging
33:22 Chain Mail Armor
32:52 Halberdier
34:13 Bracer
36:50 Conscription
38:54 Wagenburg Tactics
38:17 Elite Skirmisher
41:58 Siege Engineers
42:23 Ballistics
43:26 Houfnice
60:24 Plate Mail Armor
60:30 Iron Casting
61:20 Block Printing
61:31 Illumination
61:23 Masonry
60:58 Arrowslits
60:37 Elite Hussite Wagon
64:35 Leather Archer Armor
64:25 Scale Barding Armor
65:21 Blast Furnace
63:48 Man-at-Arms
63:49 Crossbowman
63:52 Heavy Scorpion
63:53 Onager
63:53 Capped Ram
63:56 Spies/Treason
64:41 Hussite Reforms
Veni Vidi Avicii 2
2:34 Loom
11:44 Feudal Age
15:07 Horse Collar
15:15 Double-Bit Axe
17:46 Wheelbarrow
19:18 Castle Age
21:36 Stone Mining
22:17 Bow Saw
22:10 Heavy Plow
28:59 Gold Mining
29:45 Stone Shaft Mining
29:10 Town Watch
30:26 Hand Cart
32:26 Fortified Wall
31:57 Treadmill Crane
32:38 Ballistics
33:12 Gold Shaft Mining
35:23 Imperial Age
33:06 Forging
32:56 Scale Mail Armor
34:41 Iron Casting
35:17 Chain Mail Armor
35:18 Town Patrol
35:13 Gambesons
35:29 Squires
35:14 Arson
34:50 Pikeman
36:37 Conscription
36:38 Garland Wars
37:31 Blast Furnace
37:08 Crop Rotation
37:02 Elite Skirmisher
37:33 Elite Jaguar Warrior
38:15 Atlatl
37:47 Sappers
39:16 Plate Mail Armor
46:40 Coinage
46:13 Caravan
46:04 Fletching
46:15 Padded Archer Armor
47:35 Atlatl
48:49 Banking
48:16 Bodkin Arrow
48:38 Leather Archer Armor
63:23 Spies/Treason
Kaizoku Oh
9:56 Feudal Age
17:54 Castle Age
16:04 Double-Bit Axe
23:07 Gold Mining
23:33 Bow Saw
25:36 Fletching
26:03 Horse Collar
28:07 Bodkin Arrow
29:12 Heavy Plow
32:12 Wheelbarrow
32:19 Pikeman
34:26 Hand Cart
34:28 Scale Mail Armor
35:19 Husbandry
35:27 Scale Barding Armor
35:33 Forging
37:45 Chain Barding Armor
38:00 Iron Casting
38:58 Padded Archer Armor
38:22 Elite Skirmisher
39:37 Squires
39:57 Chain Mail Armor
39:46 Crossbowman
40:32 Thumb Ring
46:41 Imperial Age
44:53 Leather Archer Armor
45:18 Fortified Wall
45:28 Ballistics
46:53 Heavy Camel Rider
51:14 Plate Barding Armor
51:33 Crop Rotation
52:06 Two-Man Saw
53:50 Chemistry
54:00 Gold Shaft Mining
54:17 Ring Archer Armor
53:47 Bracer
64:46 Gold Shaft Mining
slayopatra
10:48 Feudal Age
12:21 Double-Bit Axe
14:55 Castle Age
13:07 Horse Collar
16:20 Forging
16:11 Scale Mail Armor
16:45 Pikeman
17:26 Squires
18:54 Loom
19:45 Wheelbarrow
21:12 Hand Cart
22:32 Sanctity
23:50 Scale Mail Armor
24:13 Heavy Plow
26:18 Squires
28:09 Gold Mining
28:36 Bow Saw
31:51 Gold Shaft Mining
31:06 Stone Mining
34:30 Imperial Age
35:24 Onager
37:06 Chemistry
36:12 Siege Engineers
36:42 Halberdier
38:17 Iron Casting
37:58 Chain Mail Armor
37:24 Capped Ram
39:27 Stone Shaft Mining
39:39 Conscription
39:20 Siege Ram
39:58 Hamask
39:58 Northmen's Fury
41:25 Siege Onager
46:38 Coinage
54:37 Northmen's Fury
62:57 Spies/Treason
Connection lost

Rejoining the realm…

Still unreachable

The connection could not be restored.

Session expired

The server has moved on; the page needs a fresh start.